 Dungeon Crawl Stone Soup version 0.17.1-3-g152610e (webtiles) character file.

15032 Heskey the Grappler (level 11, -15/117 HPs)
             Began as a Troll Monk on Mar 25, 2016.
             Demolished by a nine-headed hydra (16 damage)
             ... on level 1 of the Lair of Beasts.
             The game lasted 00:29:57 (11508 turns).

Heskey the Grappler (Troll Monk)                   Turns: 11508, Time: 00:29:58

Health: -15/117    AC: 14    Str: 32    XL:     11   Next: 96%
Magic:  10/10      EV: 14    Int:  6    God:
Gold:   499        SH:  0    Dex: 12    Spells: 0 memorised, 10 levels left

rFire  . . .     SeeInvis +       - Unarmed
rCold  . . .     Clarity  .     G - +2 robe {rN+}
rNeg   + . .     SustAt   .     (no shield)
rPois  .         Gourm    +     s - +2 hat {SInv}
rElec  .         Spirit   .     (no cloak)
rCorr  .         Warding  .     (gloves unavailable)
rMut   .         Stasis   .     (boots unavailable)
MR     .....                    (no amulet)
Stlth  ++........               n - +2 ring of protection
                                h - +3 ring of strength

@: mighty, drained, not resistant to hostile enchantments, unstealthy
A: unfitting armour, claws 3, molten scales 1, yellow scales 1, blurry vision 1,
fast metabolism 3, gourmand, regeneration 2, shaggy fur 1, tough skin 2
a: no special abilities


You were on level 1 of the Lair of Beasts.
You were not hungry.

You visited 3 branches of the dungeon, and saw 13 of its levels.
You also visited: Sewer.

You collected 689 gold pieces.
You spent 190 gold pieces at shops.

Inventory:

Armour
 s - a +2 hat of see invisible (worn)
 G - a +2 robe of positive energy (worn)
 I - a +0 hat of intelligence
Jewellery
 g - an uncursed ring of protection from cold
 h - a +3 ring of strength (left claw)
 j - an uncursed ring of fire
 n - a +2 ring of protection (right claw)
 t - an uncursed ring of flight
 y - a +1 ring of evasion
 J - a +3 ring of dexterity {unknown}
Wands
 e - a wand of slowing (27)
 p - a wand of fireball (0)
 H - a wand of fire (0)
 M - a wand of draining (3)
 N - a wand of lightning (4)
Scrolls
 c - 3 scrolls of remove curse
 f - a scroll of magic mapping
 l - 10 scrolls of teleportation
 m - a scroll of immolation
 o - 4 scrolls of identify
 r - 3 scrolls of recharging
 u - 2 scrolls of amnesia
 v - 2 scrolls of enchant weapon
 w - 4 scrolls of fog
 F - 4 scrolls of enchant armour
 K - a scroll of fear {unknown}
 L - a scroll of torment {unknown}
Potions
 d - a potion of agility
 q - 2 potions of resistance
 x - a potion of flight
 B - a potion of curing
 C - 2 potions of haste
 D - a potion of magic
Books
 i - a book of Alchemy

   Spells                             Type                      Level
   a - Sublimation of Blood           Necromancy                   2
   b - Ignite Poison                  Fire/Transmutation/Poison    3
   c - Alistair's Intoxication        Transmutation/Poison         4
   d - Condensation Shield            Ice                          4
   e - Petrify                        Transmutation/Earth          4
   f - Irradiate                      Conjuration/Transmutation    5
 z - a book of Callings

   Spells                             Type                      Level
   a - Summon Small Mammal            Summoning                    1
   b - Call Imp                       Summoning                    2
   c - Call Canine Familiar           Summoning                    3
   d - Summon Guardian Golem          Hexes/Summoning              3
   e - Summon Lightning Spire         Summoning/Air                4
   f - Summon Ice Beast               Ice/Summoning                4
 P - a book of the Warp

   Spells                             Type                      Level
   a - Recall                         Summoning/Translocation      3
   b - Gell's Gravitas                Hexes/Translocation          3
   c - Force Lance                    Conjuration/Translocation    4
   d - Phase Shift                    Translocation                5
   e - Warp Weapon                    Charms/Translocation         5
   f - Summon Forest                  Summoning/Translocation      5
Miscellaneous
 O - a fan of gales
Comestibles
 a - 2 beef jerkies
 b - 6 bread rations
 k - 3 meat rations
 E - 16 fruits


   Skills:
 + Level 9.8(9.4) Fighting
 + Level 9.9(9.4) Dodging
 - Level 1.1(0.7) Stealth
 + Level 11.9(11.4) Unarmed Combat


You had 10 spell levels left.
You didn't know any spells.

Dungeon Overview and Level Annotations

Branches:
Dungeon (11/15)            Temple (1/1) D:4            Lair (1/8) D:11
    Orc (0/4) D:11

Altars:
Ashenzari
Cheibriados
Dithmenos
Elyvilon
Fedhas
Kikubaaqudgha
Makhleb
Nemelex Xobeh
Okawaru
Qazlal
Ru
Sif Muna
Trog
Vehumet
Xom
Yredelemnul
Zin
The Shining One

Shops:
D:4 [   D:8 [   D:9 ?   D:10 }


Innate Abilities, Weirdness & Mutations

You are too large for most types of armour.
You have claws for hands.
Your metabolism is lightning-fast.
You like to eat raw meat.
You heal very quickly.
You are covered in fur (AC +1).
You have very tough skin (AC +2).
You are partially covered in molten scales (AC +1).
You are partially covered in yellow scales (AC +2).
Scrolls take you a little longer to read.


Message History

* * * LOW HITPOINT WARNING * * *
The nine-headed hydra bites you.
* * * LOW HITPOINT WARNING * * *
The nine-headed hydra barely misses you.
The nine-headed hydra bites you!
* * * LOW HITPOINT WARNING * * *
The nine-headed hydra bites you but does no damage. x2
The nine-headed hydra bites you.
* * * LOW HITPOINT WARNING * * *
The nine-headed hydra closely misses you.
Unknown command.
Drink which item? (? for menu, Esc to quit)
You feel very mighty all of a sudden. The nine-headed hydra misses you.
The nine-headed hydra bites you!
* * * LOW HITPOINT WARNING * * *
The nine-headed hydra bites you but does no damage.
The nine-headed hydra barely misses you.
The nine-headed hydra bites you but does no damage.
The nine-headed hydra bites you!
You die...

.. #. ##.##### #......#
#......#
....>......##......#
#.....#....##...D..#
+.....#....#.# #@# #
#..........#.###.####.#
#.....P...............##
##.##.#................#
......................##
......................#
..........###.#######.#
P.........# #.#### .#
P#######..# #.##.## #


You could see a nine-headed hydra.

Vanquished Creatures
  Gastronok (D:9)
  A centaur warrior (D:8)
  The ghost of simples the Protected, a novice MiFi of Zin (D:8)
  Sonja (D:11)
  A hill giant (D:10)
  Pikel (D:5)
  An ugly thing (D:7)
  A manticore (D:11)
  2 trolls (D:9)
  Grinder (D:6)
  Sigmund (D:5)
  A basilisk (Lair:1)
  2 wyverns (D:11)
  3 wraiths
  6 centaurs
  5 hogs (D:11)
  Duvessa (D:5)
  A sky beast (D:9)
  2 water moccasins
  2 porcupines (Lair:1)
  8 black bears
  2 ice beasts
  3 phantoms
  A slave (D:5)
  4 orc warriors
  8 ogres
  8 big kobolds
  A crocodile (D:8)
  8 giant frogs
  3 gnoll sergeants
  Dowan (D:5)
  A scorpion (D:7)
  10 killer bees (D:9)
  7 electric eels
  2 wights (D:9)
  7 crimson imps
  4 hounds
  9 orc wizards
  2 centaur zombies
  5 jellies
  A giant frog zombie (D:7)
  A gnoll shaman (D:11)
  8 orc priests
  A giant frog skeleton (D:5)
  A centaur skeleton (D:5)
  An iguana (D:4)
  5 worker ants
  4 sheep (D:11)
  A hound zombie (D:8)
  A hound skeleton (D:8)
  Robin (D:3)
  9 gnolls
  16 adders
  4 river rats
  3 shadow imps
  4 oozes
  2 adder skeletons (D:4)
  6 worms
  10 giant geckos
  43 orcs
  A giant cockroach (D:5)
  22 goblins
  11 hobgoblins
  9 jackals
  6 quokkas
  3 ball pythons
  9 bats
  A giant cockroach zombie (D:5)
  A giant gecko skeleton (D:4)
  4 giant newts
  23 kobolds
  A quokka skeleton (D:6)
  13 rats
  A plant (D:3)
356 creatures vanquished.

Vanquished Creatures (others)
  2 slaves (D:5)
  A centaur (D:5)
  An orc wizard (D:5)
  3 hounds (D:5)
  2 worker ants (D:5)
  A shadow imp (D:5)
  A worm (D:5)
  2 orcs
  A giant cockroach (D:5)
  3 plants (D:11)
17 creatures vanquished.

Grand Total: 373 creatures vanquished

Notes
Turn   | Place    | Note
--------------------------------------------------------------
     0 | D:1      | Heskey the Troll Monk began the quest for the Orb.
     0 | D:1      | Reached XP level 1. HP: 22/22 MP: 0/0
   108 | D:1      | Reached XP level 2. HP: 18/29 MP: 1/1
   683 | D:1      | Reached XP level 3. HP: 36/36 MP: 2/2
  1270 | D:2      | Found a deep blue altar of Sif Muna.
  1877 | D:3      | Reached XP level 4. HP: 38/45 MP: 3/3
  1894 | D:3      | Found a faded altar to an unknown god.
  2088 | D:3      | Found a glowing silver altar of Zin.
  2088 | D:3      | Found a bloodstained altar of Trog.
  2088 | D:3      | Found an ancient bone altar of Kikubaaqudgha.
  2267 | D:3      | Noticed Robin
  2275 | D:3      | Reached skill level 5 in Unarmed Combat
  2299 | D:3      | Killed Robin
  2299 | D:3      | Reached XP level 5. HP: 53/53 MP: 4/4
  2891 | D:4      | Found Belouje's Antique Armour Shoppe.
  2898 | D:4      | Bought a runed hat for 72 gold pieces
  2916 | D:4      | Gained mutation: Scrolls take you a little longer to read. [potion of mutation]
  2916 | D:4      | Gained mutation: You are partially covered in molten scales (AC +1). [potion of mutation]
  2916 | D:4      | Gained mutation: You are partially covered in yellow scales (AC +2). [potion of mutation]
  3055 | D:4      | Reached XP level 6. HP: 45/62 MP: 5/5
  3209 | D:4      | Noticed an ogre
  3215 | D:4      | Killed an ogre
  3244 | D:4      | Noticed a phantom
  3272 | D:4      | Killed a phantom
  3272 | D:4      | Reached skill level 6 in Unarmed Combat
  3272 | D:4      | Reached XP level 7. HP: 56/70 MP: 6/6
  3445 | D:4      | Found a staircase to the Ecumenical Temple.
  3472 | Temple   | Entered the Ecumenical Temple
  3597 | D:4      | Found a stormy altar of Qazlal.
  3644 | D:4      | Found a sparkling altar of Nemelex Xobeh.
  3854 | D:4      | Found a snail-covered altar of Cheibriados.
  3911 | D:5      | Entered Level 5 of the Dungeon
  4076 | D:5      | Noticed Pikel
  4105 | D:5      | Killed Pikel
  4105 | D:5      | Reached skill level 5 in Fighting
  4105 | D:5      | Reached skill level 5 in Dodging
  4105 | D:5      | Reached skill level 7 in Unarmed Combat
  4105 | D:5      | Reached XP level 8. HP: 71/80 MP: 7/7
  4414 | D:5      | Noticed Duvessa
  4414 | D:5      | Noticed Dowan
  4415 | D:5      | Noticed Sigmund
  4423 | D:5      | Killed Duvessa
  4429 | D:5      | Killed Sigmund
  4434 | D:5      | Killed Dowan
  4484 | D:5      | Found a shimmering altar of Xom.
  4556 | D:5      | Reached skill level 8 in Unarmed Combat
  4641 | D:5      | Reached XP level 9. HP: 79/89 MP: 8/8
  5084 | D:6      | Noticed Grinder
  5099 | D:6      | Killed Grinder
  5309 | D:6      | Found a glowing drain.
  5330 | Sewer    | Entered a sewer
  5839 | D:7      | Reached skill level 9 in Unarmed Combat
  6298 | D:7      | Found a sacrificial altar of Ru.
  6460 | D:7      | Found a blossoming altar of Fedhas.
  6614 | D:8      | Reached XP level 10. HP: 102/102 MP: 9/9
  6680 | D:8      | Found a shimmering altar of Xom.
  6699 | D:8      | Found Ysyotzig's Antique Armour Shop.
  6706 | D:8      | Bought an embroidered robe for 22 gold pieces
  6747 | D:8      | Noticed a cyan ugly thing
  6748 | D:8      | Noticed simples's ghost (novice MiFi)
  6788 | D:7      | Killed a cyan ugly thing
  6941 | D:8      | Killed simples's ghost
  6941 | D:8      | Reached skill level 10 in Unarmed Combat
  7167 | D:8      | Found a glowing golden altar of the Shining One.
  7207 | D:8      | Noticed a centaur warrior
  7220 | D:8      | Killed a centaur warrior
  7723 | D:8      | Found a basalt altar of Yredelemnul.
  7796 | D:8      | Found a white marble altar of Elyvilon.
  8031 | D:9      | Found a blossoming altar of Fedhas.
  8157 | D:9      | Noticed Gastronok
  8174 | D:9      | Killed Gastronok
  8174 | D:9      | Reached XP level 11. HP: 58/113 MP: 10/10
  8490 | D:9      | Found Muceer's Magic Scroll Boutique.
  8497 | D:9      | Bought a scroll of teleportation for 48 gold pieces
  8497 | D:9      | Bought a scroll of teleportation for 48 gold pieces
  8621 | D:9      | Reached skill level 11 in Unarmed Combat
  8946 | D:10     | Entered Level 10 of the Dungeon
  8946 | D:10     | Found Efilat's Gadget Shoppe.
  9176 | D:10     | Noticed a hill giant
  9184 | D:10     | Killed a hill giant
  9833 | D:11     | Noticed Sonja
  9880 | D:11     | Killed Sonja
 10379 | D:11     | Found a white marble altar of Elyvilon.
 10436 | D:11     | Found a staircase to the Lair.
 10645 | D:11     | Found a staircase to the Orcish Mines.
 11410 | Lair:1   | Entered Level 1 of the Lair of Beasts
 11499 | Lair:1   | Noticed a five-headed hydra
 11508 | Lair:1   | HP: 1/117 [nine-headed hydra (14)]
 11508 | Lair:1   | Demolished by a nine-headed hydra

Action                   |  1- 3 |  4- 6 |  7- 9 | 10-12 || total
-------------------------+-------+-------+-------+-------++-------
Melee: Unarmed           |    92 |   231 |   360 |   512 ||  1195
Throw: Large rock        |       |       |       |    10 ||    10
Evoke: Wand              |       |       |       |     8 ||     8
  Use: Potion            |       |     5 |       |    12 ||    17
       Scroll            |       |     6 |     4 |     2 ||    12
 Stab: Sleeping          |     4 |     1 |     3 |     3 ||    11
       Distracted        |       |       |       |     1 ||     1
  Eat: Chunk             |     7 |    15 |    29 |    35 ||    86
       Meat ration       |     1 |       |       |     1 ||     2
       Beef jerky        |     1 |       |       |     1 ||     2
       Bread ration      |       |       |     1 |       ||     1
       Pizza             |       |       |       |     1 ||     1
       Fruit             |       |       |       |     1 ||     1
